Map: Thunderbird LE

Players

Elazer - Winner!

  • Race: Zerg Zerg
  • Spawn Location: 11:00

Trap

  • Race: Protoss Protoss
  • Spawn Location: 5:00

Event: 2019 WCS Global FInals

VOD

Have the link to the VOD?

Description

Time

  • Played on: Oct. 26, 2019, 10:56 p.m.
  • Length: 26:29

All games in this series

Show
View Real Time Build Order
Export as new Build Order

Elazer Zerg - Winner!

Build Orders: Hatch First, Brood Lord Corruptor 

Get SALT Encoding   

  12  0:00  Drone  
  13  0:12  Overlord  
  13  0:16  Drone  
  14  0:30  Drone x2  
  16  0:47  Hatchery  
  15  0:51  Drone  
  15  0:54  Drone  
  17  0:57  Drone  
  18  1:08  Extractor  
  17  1:12  Spawning Pool  
  17  1:16  Drone  
  17  1:18  Drone  
  18  1:27  Drone  
  19  1:41  Drone  
  20  1:50  Drone  
  21  1:59  Queen x2  
  21  2:00  Zergling x2  
  26  2:02  Overlord  
  26  2:11  Zergling x2  
  26  2:12  Drone  
  28  2:20  Drone  
  28  2:21  Drone  
  30  2:28  Hatchery  
  29  2:32  Drone x2  
  31  2:40  Queen  
  33  2:45  Metabolic Boost  
  33  2:50  Overlord  
  33  2:52  Drone  
  33  2:54  Drone  
  33  2:56  Drone  
  36  3:07  Overlord  
  36  3:08  Drone x2  
  36  3:09  Drone  
  36  3:10  Drone  
  39  3:13  Drone x2  
  39  3:19  Queen  
  43  3:23  Overlord  
  43  3:26  Drone  
  44  3:28  Drone  
  44  3:30  Drone  
  44  3:31  Drone  
  47  3:43  Spore Crawler, Overlord  
  47  3:45  Drone  
  47  3:46  Spore Crawler, Drone x3  
  49  3:50  Drone  
  49  3:51  Spore Crawler  
  49  3:53  Drone  
  50  3:57  Queen  
  50  3:59  Drone  
  50  4:01  Drone  
  54  4:03  Drone  
  54  4:06  Overlord  
  55  4:11  Zergling x4  
  55  4:16  Overlord  
  57  4:19  Drone x5  
  57  4:22  Overlord  
  57  4:23  Drone  
  63  4:26  Lair  
  63  4:28  Drone  
  63  4:30  Zergling x2  
  65  4:31  Drone x2  
  65  4:36  Extractor  
  65  4:37  Extractor  
  65  4:39  Drone x2  
  65  4:40  Roach Warren, Drone  
  65  4:44  Queen  
  69  4:46  Drone  
  69  4:51  Overlord, Drone x3  
  73  4:54  Overlord  
  73  4:55  Drone  
  73  4:58  Drone x2  
  76  5:01  Pneumatized Carapace  
  76  5:02  Overlord  
  76  5:04  Drone x2  
  76  5:06  Drone x2  
  80  5:08  Overlord  
  80  5:12  Drone  
  80  5:13  Drone  
  82  5:14  Drone  
  82  5:17  Drone  
  76  5:21  Drone x5  
  76  5:22  Drone  
  76  5:25  Drone  
  76  5:27  Drone  
  81  5:31  Overlord, Hydralisk Den  
  81  5:32  Drone x3, Extractor  
  81  5:34  Extractor  
  81  5:35  Drone  
  82  5:37  Overlord  
  82  5:42  Overlord  
  82  5:44  Overlord  
  82  5:45  Extractor  
  82  5:47  Roach  
  83  5:50  Glial Reconstitution  
  83  5:51  Spine Crawler  
  83  5:52  Roach x3  
  83  5:54  Queen  
  91  5:57  Roach x2  
  91  5:59  Overseer  
  91  6:01  Roach  
  97  6:06  Overlord  
  97  6:07  Roach x2  
  97  6:08  Ravager  
  97  6:09  Roach  
  97  6:11  Overlord  
  104  6:12  Roach  
  104  6:13  Ravager  
  104  6:14  Ravager  
  104  6:15  Roach  
  110  6:18  Roach  
  110  6:19  Roach  
  110  6:24  Roach x4  
  121  6:27  Roach  
  121  6:28  Roach  
  121  6:29  Overlord  
  123  6:34  Overlord, Evolution Chamber  
  123  6:35  Roach  
  123  6:38  Ravager x4  
  128  6:46  Roach x5  
  137  6:50  Roach x2  
  140  6:56  Drone x3  
  140  6:57  Overlord  
  140  6:58  Overlord  
  143  7:06  Roach x5  
  153  7:08  Zerg Missile Weapons Level 1  
  153  7:13  Drone x2  
  153  7:14  Baneling Nest  
  154  7:15  Overlord  
  154  7:17  Zergling x6  
  154  7:30  Roach x7  
  154  7:34  Roach x3  
  156  7:38  Roach x2  
  156  7:43  Roach x2  
  150  7:47  Roach x4  
  154  7:55  Overseer  
  154  7:57  Zergling x6  
  157  8:02  Infestation Pit  
  157  8:03  Centrifical Hooks  
  157  8:05  Hatchery, Zergling x4  
  157  8:08  Zergling x4  
  159  8:17  Zergling x16  
  159  8:18  Zergling x2  
  167  8:27  Zergling x2  
  167  8:28  Zergling x2  
  167  8:32  Drone  
  167  8:33  Drone x6  
  176  8:42  Overlord  
  176  8:43  Drone  
  176  8:46  Spire  
  176  8:47  Drone  
  177  8:51  Infestation Pit  
  177  8:53  Overlord, Hive  
  177  8:56  Overlord x2  
  177  9:00  Extractor  
  176  9:03  Extractor, Zerg Melee Weapons Level 1  
  176  9:04  Queen  
  177  9:10  Overlord, Drone  
  177  9:13  Drone x4  
  177  9:14  Drone x4  
  177  9:16  Extractor  
  185  9:19  Overlord  
  185  9:26  Overlord, Drone x2  
  184  9:33  Overlord  
  184  9:38  Overlord  
  184  9:39  Zergling x20  
  194  9:47  Hatchery, Zergling x4  
  195  9:57  Baneling x4  
  195  9:58  Baneling x8  
  194  10:00  Corruptor x2  
  194  10:02  Hatchery  
  194  10:04  Corruptor  
  199  10:15  Baneling x17  
  199  10:25  Zergling x2  
  200  10:31  Hatchery  
  198  10:38  Overlord  
  198  10:42  Spine Crawler  
  198  10:43  Spine Crawler  
  198  10:44  Spine Crawler  
  198  10:48  Adrenal Glands  
  198  10:49  Greater Spire, Overlord  
  195  10:50  Overlord  
  189  11:03  Zerg Melee Weapons Level 2  
  188  11:04  Overlord  
  188  11:06  Evolution Chamber  
  188  11:10  Zergling x8  
  190  11:14  Corruptor x4  
  190  11:17  Drone x2  
  200  11:20  Spore Crawler x2  
  200  11:21  Spore Crawler, Zergling x18  
  190  11:37  Overlord, Zerg Missile Weapons Level 2  
  176  11:45  Spore Crawler x2  
  170  12:02  Brood Lord x7  
  170  12:03  Zergling x26  
  197  12:14  Extractor  
  197  12:15  Extractor  
  189  12:16  Zerg Flyer Weapons Level 1  
  189  12:17  Pathogen Glands  
  189  12:18  Drone x3  
  189  12:19  Drone x3  
  193  12:29  Drone x2  
  194  12:33  Drone x2  
  194  12:34  Drone x3  
  199  12:38  Spine Crawler  
  197  12:45  Corruptor  
  197  12:46  Corruptor  
  197  12:48  Drone x2  
  197  12:49  Drone  
  199  12:52  Spine Crawler  
  199  12:53  Spine Crawler x2  
  187  13:06  Infestor x2  
  187  13:07  Infestor x5  
  187  13:08  Burrow  
  187  13:12  Drone  
  200  13:17  Spore Crawler  
  200  13:18  Spore Crawler  
  194  13:27  Drone x2  
  192  13:32  Infestor x4  
  192  13:33  Drone x2  
  192  13:34  Drone x3  
  197  13:36  Zerg Melee Weapons Level 3  
  197  13:38  Drone x2  
  197  13:40  Overseer x2  
  199  13:42  Spore Crawler  
  199  13:45  Spore Crawler  
  193  13:48  Corruptor x3  
  168  14:18  Corruptor x6  
  176  14:24  Drone  
  176  14:25  Drone x5  
  176  14:29  Spore Crawler x3, Drone x2  
  176  14:30  Drone x2  
  176  14:31  Spore Crawler  
  182  14:33  Infestor  
  182  14:34  Infestor x3  
  190  14:44  Drone x5  
  195  14:46  Corruptor  
  195  14:47  Spore Crawler  
  195  14:48  Spore Crawler x2  
  195  14:52  Overlord  
  194  14:56  Brood Lord  
  194  14:58  Brood Lord  
  195  15:08  Spore Crawler  
  195  15:09  Spore Crawler, Zergling x12  
  195  15:11  Spore Crawler  
  195  15:12  Spore Crawler  
  195  15:19  Overlord x3  
  195  15:24  Zerg Flyer Weapons Level 2  
  195  15:26  Spire  
  194  15:30  Overseer x3  
  194  15:31  Overseer x2  
  194  15:36  Overlord  
  194  15:37  Brood Lord  
  194  15:39  Zergling x2  
  194  15:51  Overlord x2  
  193  15:59  Neural Parasite  
  193  16:01  Infestor  
  193  16:02  Infestor x3  
  196  16:09  Overlord  
  192  16:12  Drone x2  
  192  16:14  Zerg Ground Armor Level 1  
  192  16:15  Zerg Missile Weapons Level 3  
  192  16:16  Spore Crawler x2  
  192  16:19  Infestor x4  
  200  16:25  Spore Crawler  
  200  16:26  Spore Crawler  
  200  16:27  Spore Crawler  
  200  16:28  Spore Crawler  
  200  16:29  Spore Crawler x2  
  200  16:30  Spore Crawler  
  200  16:31  Zergling x12  
  199  16:33  Zergling x2  
  200  16:45  Zergling x2  
  200  16:46  Zergling x2  
  200  16:57  Overseer  
  200  17:10  Brood Lord  
  198  17:16  Spine Crawler x4  
  198  17:17  Spine Crawler  
  198  17:18  Zergling x2  
  198  17:19  Zergling x12  
  198  17:26  Infestation Pit  
  198  17:27  Baneling Nest  
  173  17:38  Zergling x22  
  177  17:48  Infestor x2  
  177  17:49  Infestor x16  
  184  17:54  Zergling x6  
  184  18:08  Zergling x6  
  184  18:09  Zergling x4  
  171  18:28  Baneling x9  
  171  18:33  Infestor x6  
  183  18:38  Zergling x14  
  190  18:43  Zerg Ground Armor Level 2  
  190  18:48  Zergling x14  
  194  18:52  Hatchery, Queen  
  195  18:58  Zergling x10  
  192  19:06  Zergling x6  
  191  19:11  Zerg Flyer Weapons Level 3  
  191  19:12  Zerg Flyer Armor Level 1  
  183  19:20  Zergling x14  
  188  19:24  Spine Crawler  
  188  19:28  Queen  
  187  19:46  Spine Crawler  
  187  19:47  Spine Crawler  
  187  19:49  Infestor x7  
  199  19:59  Extractor x2  
  193  20:04  Queen  
  193  20:06  Infestor x5  
  194  20:25  Infestor x3  
  197  20:33  Infestor x2  
  195  20:53  Corruptor x2  
  193  21:19  Overlord  
  193  21:20  Overlord x3  
  187  21:40  Zergling x26  
  187  21:58  Infestor x7  
  187  22:19  Overlord x2  
  182  22:33  Overlord x3  
  181  22:42  Overlord  
  181  22:43  Overlord x2  
  178  22:53  Corruptor  
  178  22:55  Overseer  
  178  22:57  Overseer  
  176  23:11  Corruptor x14  
  196  23:25  Zergling x6  
  199  23:27  Overseer  
  199  23:29  Hatchery  
  198  23:37  Extractor  
  198  23:39  Extractor  
  198  23:41  Zergling x6  
  199  23:58  Zergling x2  
  197  24:10  Zergling x2  
  197  24:11  Zergling x4  
  200  24:53  Hatchery  
  194  25:07  Drone x18  
  193  25:15  Zergling x8  
  196  25:24  Hatchery  
  194  25:31  Drone x4  
  188  25:48  Extractor x2  
  172  25:56  Corruptor x6  
  148  26:12  Zergling x2  
Show
View Real Time Build Order
Export as new Build Order

Trap Protoss 

Build Orders: 1 Gate Expand, Oracle Opening, Phoenix Opening 

Get SALT Encoding   

  12  0:00  Probe  
  13  0:12  Probe  
  14  0:17  Pylon  
  14  0:24  Probe (Chrono Boost)  
  15  0:36  Probe (Chrono Boost)  
  16  0:43  Gateway  
  16  0:45  Probe (Chrono Boost)  
  16  0:46  Assimilator  
  17  0:50  Probe  
  18  1:02  Probe  
  19  1:15  Probe  
  20  1:23  Nexus  
  20  1:33  Cybernetics Core  
  20  1:36  Probe  
  21  1:43  Assimilator  
  21  1:48  Probe  
  21  1:51  Pylon  
  22  2:00  Probe (Chrono Boost)  
  23  2:09  Adept  
  23  2:12  Probe (Chrono Boost)  
  23  2:15  Stargate  
  26  2:20  Probe (Chrono Boost)  
  27  2:24  Warp Gate  
  27  2:28  Probe (Chrono Boost)  
  28  2:35  Probe (Chrono Boost)  
  29  2:39  Adept  
  33  2:44  Probe x2 (Chrono Boost)  
  33  2:49  Probe (Chrono Boost)  
  33  2:50  Probe  
  34  2:57  Phoenix (Chrono Boost)  
  35  3:02  Probe  
  35  3:03  Probe  
  39  3:08  Pylon  
  39  3:12  Oracle (Chrono Boost)  
  39  3:14  Probe  
  39  3:15  Probe  
  44  3:23  Gateway  
  44  3:26  Probe  
  46  3:27  Probe  
  46  3:32  Assimilator x2  
  46  3:38  Probe  
  46  3:39  Probe  
  46  3:40  Oracle (Chrono Boost)  
  48  3:43  Pylon  
  51  3:49  Pylon  
  51  3:50  Probe  
  51  3:51  Probe  
  53  4:02  Probe  
  54  4:03  Probe  
  54  4:04  Robotics Facility  
  55  4:10  Oracle (Chrono Boost)  
  58  4:17  Adept  
  58  4:20  Adept  
  58  4:21  Pylon  
  62  4:24  Probe x2  
  64  4:38  Gateway  
  64  4:39  Gateway  
  64  4:44  Sentry x2  
  68  4:49  Immortal (Chrono Boost)  
  72  4:57  Gateway  
  72  4:58  Pylon  
  72  5:00  Gateway  
  72  5:07  Gateway  
  72  5:09  Gateway, Sentry x2  
  76  5:20  Warp Prism (Chrono Boost)  
  75  5:35  Gateway, Sentry x2  
  75  5:36  Gateway  
  75  5:39  Pylon  
  79  5:50  Stalker  
  79  5:51  Stalker  
  79  5:54  Pylon  
  87  5:57  Immortal (Chrono Boost)  
  87  6:00  Stalker x3  
  93  6:05  Pylon  
  93  6:16  Zealot x4  
  101  6:29  Nexus  
  99  6:38  Zealot x3  
  105  6:43  Twilight Council  
  105  6:49  Robotics Bay  
  105  6:51  Probe (Chrono Boost)  
  105  6:52  Probe (Chrono Boost)  
  109  7:02  Forge  
  109  7:03  Probe x2 (Chrono Boost)  
  109  7:08  Probe (Chrono Boost)  
  109  7:11  Charge  
  109  7:13  Pylon  
  110  7:15  Pylon  
  110  7:17  Pylon  
  110  7:23  Probe x2  
  104  7:35  Stalker x3, Probe  
  89  7:44  Probe  
  89  7:45  Probe  
  89  7:46  Disruptor (Chrono Boost)  
  89  7:51  Protoss Ground Weapons Level 1 (Chrono Boost)  
  89  7:56  Probe  
  89  7:57  Probe x2  
  92  7:58  Robotics Facility  
  92  8:02  Assimilator  
  92  8:03  Assimilator  
  92  8:04  Templar Archives  
  92  8:07  Zealot  
  92  8:08  Zealot  
  96  8:13  Probe  
  96  8:14  Probe x2  
  96  8:16  Disruptor (Chrono Boost), Sentry x2  
  96  8:19  Zealot x2  
  110  8:32  Shield Battery  
  110  8:33  Pylon  
  110  8:34  Shield Battery  
  113  8:37  Sentry  
  113  8:38  Shield Battery, Zealot x2  
  119  8:46  Disruptor (Chrono Boost)  
  119  8:47  Probe x3  
  119  8:48  Disruptor (Chrono Boost)  
  119  8:55  Pylon  
  125  9:05  High Templar x2  
  125  9:08  Zealot x2  
  133  9:11  Archon  
  133  9:15  Nexus  
  133  9:20  Colossus (Chrono Boost)  
  133  9:21  Colossus (Chrono Boost)  
  145  9:34  Extended Thermal Lance  
  145  9:36  Pylon  
  145  9:42  Photon Cannon  
  145  9:46  Pylon  
  145  9:52  Protoss Ground Weapons Level 2 (Chrono Boost)  
  145  9:56  Photon Cannon  
  145  10:00  Photon Cannon  
  145  10:05  Colossus (Chrono Boost)  
  147  10:07  Colossus (Chrono Boost), Probe x3  
  160  10:19  Blink  
  160  10:23  Photon Cannon, Probe x3  
  160  10:25  Photon Cannon  
  160  10:27  Shield Battery  
  163  10:37  High Templar x2  
  163  10:38  Zealot x5  
  163  10:42  Archon  
  177  10:43  Assimilator  
  177  10:44  Assimilator  
  177  10:45  Probe x3  
  177  10:46  Probe  
  181  10:59  Immortal x2  
  187  11:08  Fleet Beacon  
  187  11:10  Pylon  
  185  11:12  Pylon  
  185  11:22  Stalker x2  
  185  11:23  Stalker  
  191  11:31  High Templar  
  191  11:32  Zealot x3, High Templar  
  199  11:41  Archon  
  199  11:45  Psionic Storm, Stargate  
  191  11:54  Protoss Ground Armor Level 1 (Chrono Boost)  
  191  12:00  Observer x2 (Chrono Boost)  
  177  12:16  Zealot x5  
  177  12:17  Warp Prism (Chrono Boost)  
  177  12:18  Warp Prism (Chrono Boost)  
  191  12:30  Nexus  
  191  12:31  Protoss Air Weapons Level 1  
  191  12:35  Gravitic Drive (Chrono Boost), Mothership (Chrono Boost)  
  191  12:42  Stargate  
  191  12:43  Pylon  
  186  13:12  Zealot x4  
  184  13:30  Observer  
  184  13:32  Tempest x2 (Chrono Boost)  
  197  13:39  Tempest (Chrono Boost)  
  194  13:57  Protoss Shields Level 1 (Chrono Boost)  
  194  13:59  Forge  
  194  14:07  Tempest (Chrono Boost)  
  183  14:21  Stalker x2  
  183  14:22  Stalker  
  170  14:47  Stalker x8  
  186  14:53  Protoss Ground Weapons Level 3 (Chrono Boost)  
  186  14:56  Gateway  
  186  14:57  Gateway  
  186  14:59  Protoss Air Weapons Level 2 (Chrono Boost)  
  186  15:00  Gateway  
  186  15:17  Tempest  
  186  15:18  Oracle  
  186  15:19  High Templar x2  
  186  15:20  High Templar  
  200  15:23  Pylon  
  200  15:26  Assimilator  
  200  15:28  Assimilator  
  200  15:42  Pylon  
  200  15:44  Protoss Ground Armor Level 2 (Chrono Boost)  
  200  15:47  Observer  
  188  16:05  High Templar x3  
  188  16:11  Dark Shrine  
  184  16:14  Nexus  
  184  16:15  Zealot x6  
  184  16:16  Zealot x2  
  196  16:31  Gravitic Boosters  
  196  16:34  Cybernetics Core  
  196  16:38  Photon Cannon  
  196  16:39  Photon Cannon x2  
  196  16:41  Photon Cannon x2  
  196  16:43  Photon Cannon x2  
  196  16:44  Pylon  
  196  16:45  Photon Cannon x2  
  195  17:10  Zealot  
  195  17:11  Zealot x2  
  197  17:16  Warp Prism (Chrono Boost)  
  199  17:29  Protoss Air Weapons Level 3 (Chrono Boost)  
  179  17:42  Protoss Air Armor Level 1 (Chrono Boost)  
  167  17:45  Zealot x9  
  167  17:46  Zealot x2  
  177  17:56  Assimilator  
  177  17:58  Assimilator  
  175  18:02  Protoss Shields Level 2 (Chrono Boost)  
  175  18:03  Observer  
  155  18:14  Protoss Ground Armor Level 3 (Chrono Boost)  
  155  18:18  Stalker x10  
  155  18:19  Zealot  
  156  18:36  Observer x2  
  158  18:47  Dark Templar x4  
  158  18:48  Dark Templar  
  168  18:49  Dark Templar  
  168  18:53  Archon x2  
  168  18:55  Archon  
  166  18:56  Stalker x5  
  166  19:05  Nexus  
  166  19:07  Observer  
  166  19:08  Observer  
  166  19:09  Observer  
  164  19:17  Carrier (Chrono Boost)  
  162  19:21  Observer  
  181  19:26  Carrier (Chrono Boost)  
  181  19:28  Carrier (Chrono Boost)  
  181  19:30  Disruptor  
  184  19:31  Nexus  
  170  19:42  Disruptor  
  170  19:43  Pylon  
  173  19:55  Pylon  
  173  20:06  Warp Prism  
  175  20:12  Carrier (Chrono Boost)  
  175  20:13  Carrier (Chrono Boost)  
  171  20:18  Photon Cannon  
  171  20:20  Photon Cannon  
  189  20:22  Photon Cannon, Carrier (Chrono Boost), High Templar  
  189  20:23  High Templar x4  
  199  20:28  Archon x2  
  192  20:53  Warp Prism (Chrono Boost)  
  196  21:03  Disruptor (Chrono Boost)  
  186  21:23  Dark Templar x3  
  186  21:24  Dark Templar x3  
  198  21:32  Archon x3  
  190  21:35  Zealot x4  
  189  21:47  Archon  
  177  22:02  Stalker x10  
  191  22:14  Disruptor x2  
  187  22:19  Dark Templar  
  189  22:28  Dark Templar  
  191  22:48  High Templar x4  
  199  22:57  Dark Templar  
  195  22:59  Dark Templar, Warp Prism (Chrono Boost)  
  173  23:13  Warp Prism (Chrono Boost)  
  173  23:17  Carrier (Chrono Boost)  
  181  23:21  Carrier (Chrono Boost)  
  181  23:23  Observer  
  195  23:38  Carrier (Chrono Boost)  
  194  23:47  Disruptor x2 (Chrono Boost)  
  195  23:54  Archon x2  
  197  24:11  Oracle (Chrono Boost)  
  200  24:19  Nexus  
  200  24:36  Pylon  
  196  25:12  Nexus  
  191  25:19  Stalker x5  
  193  25:24  Pylon  
  164  25:58  Archon  
  164  26:02  Stalker x8  
Tags
 
Add a new tag
Caveats
  • Supply blocks, unpowered buildings, or Contaminate may cause inaccurate times.
  • Supply counts are checked every 10 seconds.